Arrhythmia, neutral female human Tourist -------- |......-###### ----------- ------ ---------- |......| # |.........| |....|####|........| |...... #########-.........| |....| #..........# ------- # # |.........| |..f.| |........|################ ##-.........| |....| ------.---# # ------.---- #I@....############### # # ###------ # # # ### # # # ########## # ### ### # -------|----############# -----# # ### |...>......| --.--.-- # |...|# ---------# |..........| |......| --.----.-- |.I..# |.......|####|..........| |......| ###.........| |I}.| |.......| # |..........| |......-####|........| ----- |........####...........| -------- #.........| |..<....| |..........| ---------- --------- ------------ Arrhythmia the Sightseer Experience level: 4 Strength: 10 Dexterity: 16 Constitution: 18 Intelligence: 13 Wisdom: 8 Charisma: 12 Health: 0(37) Energy: 9(9) AC: 9 Gold: 762 Moves: 1465 Your Inventory: Coins $ - 762 gold pieces Amulets t - an [uncursed] concave amulet [of reflection] Weapons a - 34 uncursed +2 darts (in quiver) q - a [blessed +1] crude spear of frost [orcish] (weapon in hand) r - an [uncursed +0] sling Armor j - an uncursed +0 Hawaiian shirt (being worn) o - an [uncursed] +0 iron skull cap [orcish helm] (being worn) s - a cursed -1 hooded cloak [dwarvish] (being worn) y - a cursed -1 pair of high boots (being worn) Comestibles b - 5 uncursed food rations c - 3 uncursed [stale] eggs B - an uncursed tripe ration Tools f - an [uncursed] bag [sack] k - an uncursed expensive camera (0:94) l - an uncursed credit card C - an [uncursed] looking glass [mirror] Gems E - an [uncursed] white gem [worthless glass] F - an [uncursed] red gem [jasper] Contents of the sack: 4 uncursed scrolls of magic mapping an [uncursed] gray spellbook [of confuse monster] a blessed potion of extra healing an uncursed potion of extra healing an [uncursed] yellow gem [worthless glass] Spells known in the end: Name Level Category Fail Memory Your skills at the end: Fighting Skills Weapon Skills dart [Basic / Expert] Spellcasting Skills Final Attributes: You were devoutly aligned. Hunger level was 253. Your alignment was 16 / 17. Monster difficulty range was 0 - 2. Level difficulty was 1. You were telepathic. Your luck was zero. You are dead. Vanquished creatures: a water nymph a floating eye an iguana 2 coyotes a hobbit a yellow mold 2 geckos a jackal a fox a kobold a goblin 2 sewer rats 8 grid bugs 5 lichens 2 kobold zombies 2 newts 32 creatures vanquished. Voluntary challenges: You were an atheist. You used a wielded weapon 29 times. You read items or engraved 16 times. You put on armor 4 times. You never genocided any monsters. You never polymorphed an object. You never changed form. You used no wishes. You wrote Elbereth's name 10 times. You never encountered a bones level. You never used any Sokoban shortcuts. Dungeon overview: The Dungeons of Doom: levels 1 to 3 Level 1 <- You were here a long staircase Level 2 a general store Level 3 a general store History has recorded: On T:1 you entered the Dungeons of Doom to retrieve the Amulet of Yendor! On T:385 you reached level 2 of The Dungeons of Doom. On T:544 you advanced to experience level 2. On T:724 you advanced to experience level 3. On T:806 you reached level 3 of The Dungeons of Doom. On T:1113 you advanced to experience level 4. Latest messages: [HP-3=34] You miss it. It hits! (2x) It bites! [HP-4=30] You miss it. It hits! (2x) It bites! [HP-11=19] It hits! (2x) It bites! [HP-8=11] [HP+1=12] You write "Elbereth" with your fingers into the dust. [HP+1=13] You add "Elbereth" with your fingers to the writing in the dust. (8x) [HP+1=14] You add "Elbereth" with your fingers to the writing in the dust. (7x) [HP+1=15] It hits! (2x) It bites! [HP-7=8] You miss it. It hits! (2x) You die... Final status: Aloha Arrhythmia the Tourist... You died in The Dungeons of Doom on dungeon level 1 with 967 points, and 762 pieces of gold, after 1465 moves. You were level 4 with a maximum of 37 hit points when you died.